 Dungeon Crawl Stone Soup version 0.19-a0-1905-ge8b2aad (webtiles) character file.

1163 Naow the Grave Robber (level 8, 0/63 HPs)
             Began as a Mummy Necromancer on Oct 21, 2016.
             Slain by an orc
             ... wielding a +0 short sword
              (3 damage)
             ... on level 8 of the Dungeon.
             The game lasted 00:17:14 (6218 turns).

Naow the Grave Robber (Mummy Necromancer)           Turns: 6218, Time: 00:17:14

Health: 0/63       AC:  3    Str: 11    XL:     8   Next: 17%
Magic:  5/16       EV: 12    Int: 17    God:
Gold:   203        SH:  0    Dex: 12    Spells: 4 memorised, 8 levels left

rFire  x . .     SeeInvis .     j - +2 mace (protect)
rCold  + . .     Gourm    .     a - +0 robe
rNeg   + + +     Faith    .     (no shield)
rPois  ∞         Spirit   .     (no helmet)
rElec  .         Reflect  .     i - +0 cloak
rCorr  .         Harm     .     (no gloves)
MR     +++..                    (no boots)
Stlth  ++........               (no amulet)
                                q - ring of protection from magic
                                s - ring of protection from magic

@: no status effects
A: no food or potions, fire vulnerability, cold resistance 1, negative energy
resistance 3, torment resistance, unbreathing
a: no special abilities


You were on level 8 of the Dungeon.
You were not hungry.

You visited 1 branch of the dungeon, and saw 8 of its levels.

You collected 203 gold pieces.

Inventory:

Hand Weapons
 j - a +2 mace of protection (weapon)
 l - a +3 morningstar
 r - the +1 quarterstaff "Xicsoy" {flame, Stlth+}
   (You found it on level 5 of the Dungeon)

   It has been specially enchanted to burn those struck by it, causing extra
   injury to most foes and up to half again as much damage against particularly
   susceptible opponents.
   It makes you more stealthy.
Armour
 a - a +0 robe (worn)
 i - a +0 cloak (worn)
 v - the cursed +0 ring mail of the Doldrums {Int+2 Dex+4, unknown}
   (You found it on level 7 of the Dungeon)

   It affects your intelligence (+2).
   It affects your dexterity (+4).
   It has a curse placed upon it.
Rods
 u - a +1 rod of shadows (13/13)
   (You found it on level 7 of the Dungeon)
Jewellery
 k - an uncursed ring of stealth
 q - a ring of protection from magic (right hand)
 s - a ring of protection from magic (left hand)
Scrolls
 c - 4 scrolls of remove curse
 d - 3 scrolls of teleportation {unknown}
 e - a scroll of fog {unknown}
 f - a scroll of random uselessness {unknown}
 g - 7 scrolls of identify {unknown}
 h - a scroll of amnesia {unknown}
 m - 2 scrolls of fear {unknown}
 n - 2 scrolls of blinking {unknown}
 o - a scroll of recharging {unknown}
 p - a scroll of enchant armour {unknown}
 t - a scroll of summoning {unknown}
Books
 b - a book of Necromancy

   Spells                             Type                      Level
   a - Pain                           Necromancy                   1
   b - Animate Skeleton               Necromancy                   1
   c - Vampiric Draining              Necromancy                   3
   d - Regeneration                   Charms/Necromancy            3
   e - Animate Dead                   Necromancy                   4
   f - Control Undead                 Necromancy                   4


   Skills:
 + Level 5.5 Fighting
 - Level 1.5 Dodging
 - Level 1.5 Stealth
 + Level 5.4 Spellcasting
 + Level 6.8 Necromancy


You had 8 spell levels left.
You knew the following spells:

 Your Spells              Type           Power        Failure   Level  Hunger
a - Pain                  Necr           ####         1%          1    N/A
b - Animate Skeleton      Necr           N/A          1%          1    N/A
c - Vampiric Draining     Necr           ####......   2%          3    N/A
d - Animate Dead          Necr           N/A          10%         4    N/A

Dungeon Overview and Level Annotations

Branches:
Dungeon (8/15)
 Temple: D:4-7         Lair: D:8-11

Altars:

Annotations:
D:4 Naow's ghost, novice FoFi
D:7 Duvessa


Innate Abilities, Weirdness & Mutations

You do not eat or drink.
Your flesh is vulnerable to fire.
You are immune to poison.
Your flesh is cold resistant. (rC+)
You are immune to negative energy. (rN+++)
You are immune to unholy pain and torment.
You can survive without breathing.


Message History

Confirm with . or Enter, or press ? or * to list all spells.
Aiming: Pain
Press: ? - help, Shift-Dir - straight line, f - orc
Aim: an orc, wearing a ring mail (chance to defeat MR: 93%)
The orc writhes in agony!
You kill the orc!
The orc warrior hits you with a short sword of speed.
The orc warrior hits you with a short sword of speed!
The orc closely misses you.
Unknown command.
Casting: Pain
Confirm with . or Enter, or press ? or * to list all spells.
Aiming: Pain
Press: ? - help, Shift-Dir - straight line, f - orc warrior
Aim: an orc warrior, wielding a short sword of speed and wearing a plate armour (lightly wounded, chance to defeat MR: 84%)
The orc warrior writhes in agony!
The orc warrior hits you with a short sword of speed!!
* * * LOW HITPOINT WARNING * * *
The orc hits you with a short sword.
You die...

###########
.........#
........#
.......#
......#
#.....#
#[oo..#
#)@...#
#..<..#
..........#
...##.....#
... #.....#
.. ......#
# ##.....#
#.....#
#.....#


You could see an orc warrior and an orc.

Vanquished Creatures
  Blork the orc (D:7)
  The ghost of SirSavien the Magician, an amateur DEAE (D:6)
  3 scorpions (D:5)
  A howler monkey (D:6)
  A crimson imp (D:5)
  A bullfrog skeleton (D:7)
  3 orc priests
  A hound (D:6)
  An iguana (D:5)
  Natasha (thrice) (D:4)
  4 orc wizards
  5 worker ants
  6 adders
  2 shadow imps
  A worm (D:2)
  2 dart slugs
  3 leopard geckos
  20 orcs
  8 giant cockroaches
  9 goblins
  6 hobgoblins
  12 jackals
  4 quokkas
  4 ball pythons
  5 bats
  A frilled lizard (D:4)
  9 kobolds
  A leopard gecko skeleton (D:4)
  5 rats
123 creatures vanquished.

Vanquished Creatures (collateral kills)
  A centaur (D:6)
  A bullfrog (D:6)
  A crimson imp (D:6)
  A worker ant (D:6)
  2 orcs
6 creatures vanquished.

Grand Total: 129 creatures vanquished

Notes
Turn   | Place    | Note
-------+----------+-------------------------------------------
     0 | D:1      | Naow the Mummy Necromancer began the quest for the Orb.
     0 | D:1      | Reached XP level 1. HP: 13/13 MP: 3/3
   222 | D:1      | Reached XP level 2. HP: 14/20 MP: 3/5
   319 | D:1      | Reached skill level 1 in Fighting
  1240 | D:2      | Reached XP level 3. HP: 26/26 MP: 2/6
  1403 | D:2      | Learned a level 1 spell: Animate Skeleton
  1407 | D:2      | Learned a level 3 spell: Vampiric Draining
  2119 | D:3      | Reached XP level 4. HP: 34/34 MP: 2/8
  2505 | D:3      | Found a faded altar of an unknown god.
  2523 | D:3      | Reached XP level 5. HP: 39/41 MP: 6/9
  3134 | D:4      | Learned a level 4 spell: Animate Dead
  3382 | D:4      | Noticed Natasha
  3404 | D:4      | Reached skill level 5 in Necromancy
  3425 | D:4      | Killed Natasha
  3448 | D:4      | Noticed Natasha
  3470 | D:4      | Killed Natasha
  3543 | D:4      | Reached XP level 6. HP: 24/47 MP: 2/11
  3576 | D:4      | Noticed Natasha
  3579 | D:4      | Killed Natasha
  3687 | D:4      | Noticed Naow's ghost (novice FoFi)
  4054 | D:5      | Entered Level 5 of the Dungeon
  4186 | D:5      | Got a jewelled quarterstaff
  4187 | D:5      | Identified the cursed +1 quarterstaff "Xicsoy" {flame, Stlth+} (You found it on level 5 of the Dungeon)
  4516 | D:5      | Reached XP level 7. HP: 13/54 MP: 1/13
  4656 | D:5      | Noticed Blork the orc
  5112 | D:6      | Noticed SirSavien's ghost (amateur DEAE)
  5323 | D:5      | Reached skill level 6 in Necromancy
  5667 | D:6      | Reached skill level 5 in Fighting
  5678 | D:6      | Reached skill level 5 in Spellcasting
  5800 | D:6      | Killed SirSavien's ghost
  5800 | D:6      | Reached XP level 8. HP: 62/62 MP: 15/15
  5946 | D:7      | Killed Blork the orc
  6177 | D:7      | Got an ichor-stained ring mail
  6203 | D:7      | Noticed Duvessa
  6218 | D:8      | HP: 3/63 [orc warrior/short sword of speed (21)]
  6218 | D:8      | Slain by an orc

Vault maps used:
D:1:      lightli_arrival_statue_moat, serial_forest,
          infiniplex_forest_straight_4, infiniplex_forest_clump_small,
          infiniplex_forest_lined_4_way, infiniplex_forest_lined_room_2,
          infiniplex_forest_straight_2, infiniplex_forest_end_1
D:2:      hex_medium
D:3:      ecumenical_altar_1
D:4:      first_bread, uniq_natasha
D:5:      uniq_blork_the_orc
D:6:      serial_shops, nicolae_shop_waterfront
D:7:      uniq_duvessa, uniq_joseph
D:8:      david_nohive_1, minmay_misc_feat_doors,
          nicolae_qazlal_eye_of_the_storm, uniq_prince_ribbit1, uniq_grum,
          uniq_gastronok

Skill      XL: |  1  2  3  4  5  6  7 |
---------------+----------------------+-----
Fighting       | 1 2 3 4 5 |  5.5
Spellcasting   | 3 4 5 |  5.4
Necromancy     | 5 6 |  6.8
Dodging        | |  1.5
Stealth        | |  1.5

Action                   |  1- 3 |  4- 6 |  7- 9 || total
-------------------------+-------+-------+-------++-------
Melee: Unarmed           |    50 |    11 |       ||    61
       Mace              |       |    40 |    68 ||   108
       Quarterstaff      |       |    26 |       ||    26
 Cast: Pain              |    91 |   100 |    68 ||   259
       Animate Skeleton  |     5 |     4 |     1 ||    10
       Animate Dead      |       |     6 |     3 ||     9
  Use: Scroll            |       |       |     1 ||     1
 Stab: Distracted        |     1 |       |       ||     1
       Sleeping          |       |     2 |       ||     2
Armor: Robe              |    20 |    26 |    48 ||    94
Dodge: Dodged            |    50 |    65 |    78 ||   193
